 Dungeon Crawl Stone Soup version 0.30-a0-1085-g990a428a5c (webtiles) character file.

Game seed: 11197359548347641282

59 Aneyh the Slasher (level 4, -3/29 HPs)
             Began as a Tengu Monk on Apr 16, 2023.
             Slain by a gnoll
             ... wielding a +0 flail
              (4 damage)
             ... on level 1 of the Dungeon.
             The game lasted 00:01:15 (673 turns).

Aneyh the Slasher (Tengu Monk)                       Turns: 673, Time: 00:01:15

Health: -3/29      AC:  2    Str: 11    XL:     4   Next: 3%
Magic:  5/5        EV: 13    Int: 10    God:
Gold:   75         SH:  0    Dex: 19    Spells: 3/3 levels left

rFire   . . .      SeeInvis .    a - +0 falchion
rCold   . . .      Faith    .    d - orb {light}
rNeg    . . .      Spirit   .    b - +0 robe
rPois   .          Reflect  .    (helmet restricted)
rElec   .          Rampage  .    (no cloak)
rCorr   .                        (no gloves)
Will    .....                    (boots unavailable)
Stlth   +                        (no amulet)
HPRegen 0.24/turn                (no ring)
MPRegen 0.09/turn                (no ring)

@: glowing
A: beak, talons 3
a: no special abilities


You were on level 1 of the Dungeon.
You visited 1 branch of the dungeon, and saw 2 of its levels.

You collected 75 gold pieces.

Inventory:

Hand Weapons
 a - a +0 falchion (weapon)
Armour
 b - a +0 robe (worn)
 d - an orb of light (worn)
 j - a scarf of resistance
Scrolls
 e - a scroll of immolation {unknown}
 f - 2 scrolls of identify {unknown}
 g - a scroll of fear {unknown}
Potions
 c - a potion of ambrosia
 h - a potion of heal wounds {unknown}
 i - a potion of resistance {unknown}


   Skills:
 - Level 4.1 Fighting
 + Level 4.2 Long Blades
 - Level 3.2 Dodging


You had 3 spell levels left.
You didn't know any spells.
Your spell library contained the following spells:

 Spells                   Type           Power      Damage    Failure   Level
 Ensorcelled Hibernation  Hex/Ice        0%         N/A       50%         2
 Passwall                 Tmut/Erth      0%         N/A       50%         2
 Swiftness                Air            0%         N/A       75%         3


Dungeon Overview and Level Annotations

Branches:
Dungeon (2/15)

Altars:

Shops:
D:1 :


Innate Abilities, Weirdness & Mutations

You have a beak for a mouth.
You have claws for feet.


Message History

i - a sedimented pink potion 2 gnolls come into view.
Found a leather armour.
The gnoll shouts! x2
There are monsters nearby!
There are monsters nearby!
A gnoll comes into view. It is wielding a +0 spear.
The gnoll shouts!
You hear an angry hiss.
You see here a scarf of resistance.
j - a scarf of resistance A gnoll comes into view.
It is wielding a +0 flail.
The gnoll shouts!
A ball python comes into view.
You see here a +0 robe.
Found an escape hatch in the floor.
A giant cockroach comes into view.
Found a sedimented inky potion.
The giant cockroach bites you. The giant cockroach closely misses you.
You hit the giant cockroach but do no damage.
You peck the giant cockroach.
The giant cockroach is heavily wounded.
The giant cockroach bites you.
You barely miss the giant cockroach. You claw the giant cockroach.
The giant cockroach is heavily wounded.
The giant cockroach bites you but does no damage.
The gnoll hits you with a +0 flail!
You hit the giant cockroach.
You kill the giant cockroach!
The gnoll hits you with a +0 flail!
* * * LOW HITPOINT WARNING * * *
The gnoll barely misses you.
A kobold comes into view.
It is wielding a +2 short sword of speed.
There is a stone staircase leading up here.
The kobold shouts!
The gnoll misses you. The gnoll hits you with a +0 flail!
* * * LOW HITPOINT WARNING * * *
You climb upwards.
There is a stone staircase leading down here.
The gnoll hits you with a +0 flail.
You die...

.........### #.# .......#..>#
###.# ##....#..#.# ##...#
#..##...##.# #..###
.........#.# #.##
....####...## ##.#
#......###..# ##..#
#####....#..## #>g##########
....(#.......###@###...#...##
###..###.........##.........##
###.## #..######.............#
....#####.# ###(..........#
###...###.## #...........#
....#......## ##.........##
.#######....# ##..†..>.## .#
#..#.# ####.###### #####
#....## #......#


You could see a gnoll.

Vanquished Creatures
  3 adders
  A dart slug (D:1)
  4 bats (D:1)
  An endoplasm (D:1)
  3 giant cockroaches
  2 goblins (D:1)
  A hobgoblin (D:1)
  3 jackals (D:1)
  5 kobolds (D:1)
  4 ball pythons (D:1)
  2 rats (D:1)
29 creatures vanquished.

Notes
Turn   | Place    | Note
-------+----------+-------------------------------------------
     0 | D:1      | Aneyh the Tengu Monk began the quest for the Orb.
     0 | D:1      | Reached XP level 1. HP: 14/14 MP: 2/2
    81 | D:1      | Reached XP level 2. HP: 13/19 MP: 3/3
   257 | D:1      | Found Maadeti's Book Shop.
   349 | D:1      | Reached XP level 3. HP: 24/24 MP: 4/4
   612 | D:2      | Reached XP level 4. HP: 23/29 MP: 5/5
   671 | D:2      | HP: 1/29 [gnoll/+0 flail (7)]
   673 | D:1      | Slain by a gnoll

Illustrated notes

Levels and vault maps discovered:
D:1:      ncdulo_smallfort, layout_rooms, serial_shops,
          nicolae_book_shop_shelving, minmay_tall_x
D:2:      layout_rooms, serial_glass, glass_columns_b, glass_columns_a,
          uniq_robin

Skill      XL: |  1  2  3 |
---------------+----------+-----
Fighting       | 4 |  4.1
Long Blades    | 4 |  4.2
Dodging        | |  3.2

Action                     |  1- 3 |  4- 6 || total
---------------------------+-------+-------++-------
  Melee: Falchion          |    48 |     3 ||    51
         Peck              |    11 |     1 ||    12
         Kick              |     9 |     1 ||    10
 Armour: Robe              |    15 |     1 ||    16
  Dodge: Dodged            |    42 |     3 ||    45

Table legend: (Time is in decaauts)
 A = Elapsed time spent in this place.
 B = Non-inter-level travel time spent in this place.
 C = Inter-level travel time spent in this place.
 D = Time resting spent in this place.
 E = Time spent auto-exploring this place.
 F = Levels seen in this place.
 G = Mean time per level.
                   A        B        C        D        E       F      G
               +--------+--------+--------+--------+--------+-----+--------+
         Total |    680 |    630 |     50 |      0 |    469 |   2 |  340.0 |
       Dungeon |    680 |    630 |     50 |      0 |    469 |   2 |  340.0 |
               +--------+--------+--------+--------+--------+-----+--------+

Top non-repeatable levels by time:
     D:1: 609 daAuts
     D:2: 71 daAuts
